Map: Frozen Temple

Players

RenRook - Winner!

  • Race: Terran Terran
  • League: Gold

capac

  • Race: Terran Terran
  • League: Gold

VOD

Have the link to the VOD?

Description

Time

  • Played on: May 3, 2016, 12:18 p.m.
  • Length: 13:12
Show
View Real Time Build Order
Export as new Build Order

RenRook Terran - Winner!

Build Orders: MMM Bio 

Get SALT Encoding   

  12  0:01  SCV  
  13  0:13  SCV  
  14  0:19  Supply Depot  
  14  0:25  SCV  
  15  0:40  SCV  
  16  0:43  Barracks  
  16  0:48  Refinery  
  16  0:52  SCV  
  17  0:57  Supply Depot  
  17  1:05  SCV  
  18  1:17  Refinery, SCV  
  19  1:30  Marine  
  19  1:31  Orbital Command  
  20  1:48  Marine  
  21  1:55  Factory  
  21  2:00  SCV  
  22  2:06  Marine  
  23  2:23  SCV  
  23  2:25  Marine  
  25  2:40  Factory Tech Lab  
  25  2:43  Marine  
  26  2:45  Starport  
  26  2:47  SCV  
  27  2:52  Barracks  
  27  2:58  Siege Tank  
  27  3:00  Marine  
  27  3:04  Supply Depot  
  31  3:19  Barracks Reactor  
  31  3:22  Starport Reactor  
  31  3:26  SCV  
  32  3:30  Siege Tank  
  32  3:32  Supply Depot  
  35  3:40  Barracks Tech Lab  
  35  3:46  SCV  
  36  4:01  Marine x2, Command Center  
  36  4:02  Medivac  
  40  4:04  Marine  
  41  4:14  SCV  
  36  4:58  Medivac, Stimpack  
  36  4:59  Medivac  
  40  5:01  Marine x2  
  40  5:02  Marine  
  40  5:03  Siege Tank  
  46  5:19  Marine x3  
  46  5:20  Supply Depot  
  49  5:23  Supply Depot, Orbital Command  
  49  5:35  SCV  
  50  5:37  Marine  
  50  5:40  Viking x2  
  55  5:47  SCV  
  55  5:48  Supply Depot x2  
  56  5:51  Marine x2  
  56  5:55  Marine  
  59  6:05  SCV  
  59  6:08  SCV  
  59  6:10  Viking x2  
  65  6:15  Marine x2  
  65  6:16  Marine  
  68  6:20  SCV  
  68  6:22  Supply Depot  
  69  6:27  Supply Depot  
  69  6:31  SCV  
  70  6:33  Marine x2, SCV  
  73  6:40  Viking  
  73  6:42  Viking  
  77  6:49  SCV  
  77  6:52  Supply Depot  
  78  6:55  Siege Tank  
  78  6:57  Marine x3  
  84  7:07  Combat Shields  
  84  7:19  Barracks  
  84  7:20  Barracks  
  84  7:22  Barracks  
  84  7:24  Barracks  
  84  7:25  SCV x2  
  86  7:37  SCV x2  
  88  7:47  Marine x2  
  88  7:48  Marine  
  91  7:52  Medivac x2  
  90  8:05  Marine  
  88  8:11  SCV  
  90  8:13  SCV  
  91  8:23  SCV  
  91  8:25  SCV  
  91  8:26  Marine x5  
  91  8:27  Marine  
  97  8:30  Siege Tank  
  102  8:35  SCV  
  103  8:44  Marine  
  103  8:47  SCV  
  102  9:32  Liberator  
  102  9:34  Marine x2  
  107  9:44  Barracks Reactor x3  
  104  9:49  Siege Tank, Command Center  
  104  9:51  Barracks Reactor  
  105  10:46  Marine x9  
  109  11:03  Marine  
  106  11:04  Marine x8  
  109  11:21  Marine  
  109  11:22  Marine x6  
  109  11:24  Orbital Command  
  89  12:07  Viking x2  
  89  12:08  Marine x9  
  94  12:13  SCV  
  103  12:25  Marine  
  103  12:26  Marine x8  
  112  12:37  Viking x2  
  114  12:43  Marine  
  114  12:44  Marine x6  
  117  12:50  SCV x2  
  125  12:59  Supply Depot  
Show
View Real Time Build Order
Export as new Build Order

capac Terran 

Build Orders: Reaper Expand, MMM Bio 

Get SALT Encoding   

  12  0:00  SCV  
  13  0:13  SCV  
  14  0:18  Supply Depot  
  14  0:26  SCV  
  15  0:39  SCV  
  15  0:41  Barracks  
  16  0:45  Refinery  
  16  0:52  SCV  
  17  1:04  SCV  
  18  1:16  SCV  
  19  1:28  Orbital Command  
  19  1:29  Reaper  
  20  1:43  Command Center  
  20  1:52  Supply Depot  
  20  1:55  SCV  
  20  2:01  Marine  
  22  2:10  Factory  
  22  2:12  SCV  
  22  2:24  Barracks  
  22  2:25  SCV  
  23  2:30  Refinery  
  23  2:38  Barracks Reactor  
  23  2:46  SCV  
  24  2:56  Factory Tech Lab  
  24  2:58  SCV  
  25  3:10  Orbital Command, SCV  
  26  3:16  Marine x2  
  26  3:17  Barracks Tech Lab  
  28  3:24  Siege Tank  
  31  3:31  Starport  
  31  3:34  Marine x2  
  31  3:40  SCV x2  
  35  3:49  Stimpack  
  35  3:52  SCV x2  
  35  3:55  Marine x2  
  39  3:57  Marine  
  40  4:04  Supply Depot  
  40  4:06  SCV  
  40  4:07  SCV  
  42  4:11  Medivac  
  44  4:17  Marine  
  44  4:18  Marine  
  44  4:20  Refinery  
  46  4:24  SCV  
  44  4:42  Orbital Command  
  41  4:49  Liberator  
  39  4:57  Siege Tank  
  39  4:58  Marine  
  39  4:59  Marine x2  
  48  5:10  Orbital Command  
  48  5:16  Marine  
  48  5:17  Marine  
  50  5:24  Marine  
  51  5:30  Supply Depot  
  51  5:38  Barracks  
  51  5:44  SCV x2  
  53  5:51  Siege Tank  
  56  5:58  Marine x3  
  59  6:06  SCV x2  
  61  6:12  Supply Depot, Starport Reactor  
  61  6:16  Marine x2  
  61  6:17  Marine  
  64  6:23  Siege Tank  
  67  6:28  SCV x2  
  69  6:37  Combat Shields  
  69  6:38  Barracks Reactor  
  69  6:41  Barracks  
  69  6:43  Supply Depot  
  69  6:51  Engineering Bay, Marine x2  
  69  6:52  Marine  
  69  6:53  SCV x2  
  69  6:54  Engineering Bay  
  74  6:58  Siege Tank  
  77  7:07  SCV  
  77  7:08  SCV  
  79  7:09  Marine x2  
  79  7:14  Marine  
  82  7:21  Supply Depot  
  82  7:27  Factory, Marine x2, Medivac  
  86  7:31  Refinery  
  86  7:33  Marine, Medivac  
  89  7:37  Missile Turret  
  89  7:40  Missile Turret  
  89  7:45  Marine x2  
  91  8:02  SCV x2  
  91  8:04  Supply Depot  
  91  8:05  Siege Tank, Medivac x2  
  98  8:08  Barracks Reactor  
  97  8:17  Starport  
  97  8:21  SCV x2  
  97  8:25  Liberator  
  99  8:30  Missile Turret  
  99  8:36  Missile Turret  
  99  8:37  Missile Turret  
  99  8:46  Missile Turret  
  101  8:55  Marine x6  
  104  9:14  Factory Tech Lab  
  104  9:16  Starport Reactor  
  104  9:56  Marine x2  
  104  9:57  Marine x2  
  103  10:15  Viking x3  
  96  10:49  Viking x3  
  100  10:50  Viking  
  79  11:16  Marine  
  79  11:17  Marine x2  
  74  11:24  Marine x2  
  76  11:27  Liberator x2  
  76  11:28  Liberator x2  
  76  11:34  Marine x2  
  87  12:15  Command Center  
  87  12:26  Marine x5  
  87  12:29  Siege Tank  
  95  12:45  Command Center  
Tags
 
Composition
MMM BioMMM Bio
League
GoldGold
Matchup
TvT
Race
Terran
Add a new tag
Caveats
  • Supply blocks, unpowered buildings, or Contaminate may cause inaccurate times.
  • Supply counts are checked every 10 seconds.